 Dungeon Crawl Stone Soup version 0.30-b1-2-g02819fbbbe (webtiles) character file.

Game seed: 16841296190842643535

179 MisterFreud the Ducker (level 5, -1/24 HPs)
             Began as a Felid Berserker on Aug 3, 2023.
             Was a Believer of Trog.
             Splashed by a jelly's acid (9 damage)
             ... on level 5 of the Dungeon.
             The game lasted 00:05:31 (3426 turns).

MisterFreud the Ducker (Felid Berserker)            Turns: 3426, Time: 00:05:31

Health: -1/24      AC: -6    Str: 13    XL:     5   Next: 33%
Magic:  15/15      EV: 20    Int:  9    God:    Trog [**....]
Gold:   247        SH:  0    Dex: 17    Spells: 4/4 levels left
                                        Lives:  0   Deaths: 2

rFire   . .          .
                       - Unarmed
rCold   . . .        (shield unavailable)
rNeg    . . .        (body armour unavailable)
rPois   .            (helmet unavailable)
rElec   .            (cloak unavailable)
rCorr   .            (gloves unavailable)
SInv    +            (boots unavailable)
Will    .....        (no amulet)
Stlth   +++          h - ring of magical power
HPRegen 0.24/turn    (no ring)
MPRegen 0.14/turn

%: no passive effects
@: corroded, quick
A: very small, claws 1, fangs 3, see invisible, speed 1, shaggy fur 2, stealthy
paws, no weapons or thrown items, no armour, multi-lived
a: Renounce Religion, Berserk, Trog's Hand


You were on level 5 of the Dungeon.
You worshipped Trog.
Trog was pleased with you.
You visited 1 branch of the dungeon, and saw 5 of its levels.

You collected 247 gold pieces.

Inventory:

Jewellery
 h - a ring of magical power (left paw)
Scrolls
 i - a scroll of teleportation
 j - 4 scrolls of vulnerability
Potions
 a - a potion of curing
 b - a potion of cancellation
 c - a potion of resistance
 d - a potion of flight
 e - a potion of might {unknown}
 f - 2 potions of heal wounds
 g - a potion of brilliance
 l - a potion of attraction {unknown}
 m - 2 potions of berserk rage {unknown}


   Skills:
 - Level 3.0 Fighting
 + Level 6.4 Dodging
 - Level 6.0 Stealth
 - Level 6.0 Unarmed Combat


You had 4 spell levels left.
You didn't know any spells.
Your spell library was empty.

Dungeon Overview and Level Annotations

Branches:
Dungeon (5/15)
 Temple: D:4-7

Altars:
Fedhas
Kikubaaqudgha
Uskayaw
Xom

Shops:
D:2 [


Innate Abilities, Weirdness & Mutations

You have sharp claws.
You have razor-sharp teeth.
You have supernaturally acute eyesight. (SInv)
You cover ground quickly. (Speed+)
You are covered in thick fur. (AC +2)
Your paws help you pounce on unaware monsters.
You are incapable of wielding weapons or throwing items.
You cannot wear armour.
You gain extra lives every three experience levels.


Message History

There are monsters nearby!
There are monsters nearby!
The orc shouts!
The jelly quivers.
You scratch the orc.
The orc is almost dead.
The orc misses you.
There are monsters nearby!
You scratch the orc but do no damage. Your bite misses the orc.
The orc is almost dead.
You scratch the orc.
You kill the orc!
Trog accepts your kill.
An orc comes into view. It is wielding a +0 whip.
You barely miss the orc. The orc completely misses you.
You scratch the orc but do no damage. The orc barely misses you.
You scratch the orc but do no damage. The orc completely misses you.
You scratch the orc but do no damage.
The orc hits you with a +0 short sword of protection.
You closely miss the orc. Your bite misses the orc.
The orc hits you with a +0 short sword of protection.
You claw the orc!
You kill the orc!
Trog accepts your kill.
You barely miss the orc. The orc barely misses you.
You scratch the orc.
The orc is heavily wounded.
You claw the orc!
You kill the orc!
Trog accepts your kill.
You scratch the jelly.
Your paws burn!
The jelly is lightly wounded.
The jelly closely misses you.
You scratch the jelly. The acid corrodes you!
Your paws burn!
The jelly is heavily wounded.
The jelly closely misses you.
You scratch the jelly. The acid corrodes you!
Your paws burn!
The jelly is heavily wounded.
The jelly hits you. The acid corrodes you!
You are splashed with acid!
You die...

o. #.# ##.## #...
##..# .# ...# #.#
#.########..#####.#
#...J@............#
#.########..#####.#
######..# #.#
........#####.#
..............#
######..#####.###.
#............
#..#####.##.. #..#
#.# .


You could see a jelly.

Vanquished Creatures
  Eustachio (D:4)
  Menkaure (D:4)
  A jelly (D:4)
  2 iguanas (D:4)
  A sleepcap (D:4)
  13 gnolls
  3 adders
  A worm (D:2)
  A dart slug (D:2)
  7 orcs
  8 ball pythons
  5 endoplasms
  5 giant cockroaches
  5 goblins
  6 hobgoblins
  4 jackals
  5 kobolds
  3 quokkas
  A bat (D:2)
  3 frilled lizards
  3 rats
79 creatures vanquished.

Notes
Turn   | Place    | Note
-------+----------+-------------------------------------------
     0 | D:1      | MisterFreud the Felid Berserker began the quest for the
                  | Orb.
     0 | D:1      | Reached XP level 1. HP: 10/10 MP: 2/2
   127 | D:1      | Reached skill level 1 in Stealth
   237 | D:1      | Reached XP level 2. HP: 13/14 MP: 3/3
   651 | D:2      | Found Ydo Imau's Antique Armour Emporium.
   658 | D:2      | Reached XP level 3. HP: 17/17 MP: 4/4
   938 | D:2      | Reached XP level 4. HP: 21/21 MP: 5/5
  1559 | D:3      | Found an ancient bone altar of Kikubaaqudgha.
  1583 | D:3      | Reached ** piety under Trog
  1939 | D:3      | Reached XP level 5. HP: 8/24 MP: 6/6
  2370 | D:4      | Found a shimmering altar of Xom.
  2487 | D:4      | Reached skill level 5 in Stealth
  2569 | D:4      | Reached skill level 5 in Unarmed Combat
  2592 | D:4      | Found a blossoming altar of Fedhas.
  2713 | D:4      | Gained mutation: You are covered in thick fur. (AC +2)
                  | [Felid growth]
  2713 | D:4      | Reached XP level 6. HP: 28/28 MP: 7/7
  2714 | D:4      | Noticed Eustachio
  2726 | D:4      | Killed Eustachio
  2790 | D:4      | Noticed Menkaure
  2798 | D:4      | Killed Menkaure
  2799 | D:4      | Reached skill level 5 in Dodging
  2799 | D:4      | Reached XP level 7. HP: 31/31 MP: 8/8
  3103 | D:4      | Found a hide-covered altar of Uskayaw.
  3286 | D:5      | Entered Level 5 of the Dungeon
  3299 | D:4      | Slain by a gnoll
  3300 | D:4      | Reached XP level 6. HP: -4/28 MP: 16/16
  3378 | D:5      | Slain by a scorpion
  3379 | D:5      | Reached XP level 5. HP: -5/24 MP: 15/15
  3426 | D:5      | Splashed by a jelly's acid

Illustrated notes

Levels and vault maps discovered:
D:1:      wander_arrival_chamber, layout_rooms, nrook_uturn
D:2:      layout_basic, serial_shops, shop, minmay_misc_feat_encased
D:3:      layout_rooms, kiku_gazebo_pond_becter, kennysheep_cross_room,
          grunt_ministairs_4
D:4:      nicolae_cairo_tiling, layout_basic, brannock_xom_greatest_gift,
          lemuel_round_altar, mainiacjoe_overflow_alcove_2, minmay_surrounded,
          uniq_menkaure, uniq_eustachio
D:5:      layout_basic, minmay_temple_entry_glassed_door, enter_ossuary_2,
          uniq_grinder

Skill      XL: |  1  2  3  4  5  6 |
---------------+-------------------+-----
Stealth        | 1 2 3 4 5 6 |  6.0
Unarmed Combat | 4 5 6 |  6.0
Dodging        | 6 |  6.4
Fighting       | |  3.0

Action                     |  1- 3 |  4- 6 |  7- 9 || total
---------------------------+-------+-------+-------++-------
  Melee: Unarmed           |    90 |   132 |    10 ||   232
         Bite              |     5 |     8 |     2 ||    15
         Punch             |       |     3 |     1 ||     4
 Invoke: Berserk           |     2 |     6 |       ||     8
         Trog's Hand       |       |     1 |       ||     1
    Use: Scroll            |     2 |     6 |     5 ||    13
   Stab: Sleeping          |     1 |    10 |     1 ||    12
 Armour: Skin              |     5 |     3 |       ||     8
  Dodge: Dodged            |    79 |    84 |    10 ||   173
